 Dungeon Crawl Stone Soup version 0.21-a0-51-gea492e9 (webtiles) character file.

119 brahma the Magician (level 4, -7/36 HPs)
             Began as a Deep Elf Conjurer on June 12, 2017.
             Killed by divine providence
             ... invoked by an orc priest
              (8 damage)
             ... on level 3 of the Dungeon.
             The game lasted 00:05:32 (2048 turns).

brahma the Magician (Deep Elf Conjurer)             Turns: 2048, Time: 00:05:34

Health: -7/36      AC: 22    Str:  5    XL:     4   Next: 74%
Magic:  10/13      EV:  2    Int: 21    God:
Gold:   39         SH:  0    Dex: 13    Spells: 8/14 levels left

rFire    . . .     SeeInvis .   q - +0 dagger (freeze)
rCold    . . .     Gourm    .   (no shield)
rNeg     + + +     Faith    .   (armour currently unavailable)
rPois    +         Spirit   .   (helmet currently unavailable)
rElec    .         Reflect  .   (cloak currently unavailable)
rCorr    .         Harm     .   (gloves currently unavailable)
MR       .....     Clarity  +   (boots currently unavailable) Stlth ++........NoTele +
                                (no amulet)
Regen    0.2/turn               (no ring)
MPRegen  0.2/turn               (no ring)

@: tree-form
A: clarity, clumsy 1
a: no special abilities


You were on level 3 of the Dungeon.
You were not hungry.
You were a tree.
You visited 1 branch of the dungeon, and saw 3 of its levels.

You collected 39 gold pieces.

Inventory:

Hand Weapons
 d - a +0 short sword
 q - a +0 dagger of freezing (weapon)
Missiles
 e - 16 poisoned needles
 k - 8 needles of confusion
Armour
 a - a +0 robe (melded)
Magical Staves
 h - an uncursed staff of wizardry
Scrolls
 f - a scroll of immolation {unknown}
 g - a scroll of enchant weapon {unknown}
 i - 2 scrolls of fear {unknown}
 n - 2 scrolls of identify {unknown}
 r - a scroll of remove curse {unknown}
Potions
 p - a potion of brilliance {unknown}
Books
 b - a book of Conjurations

   Spells                             Type                      Level
   a - Magic Dart                     Conjuration                  1
   b - Searing Ray                    Conjuration                  2
   c - Dazzling Spray                 Conjuration/Hexes            3
   d - Fulminant Prism                Conjuration/Hexes            4
   e - Force Lance                    Conjuration/Translocation    4
   f - Iskenderun's Mystic Blast      Conjuration                  4
Comestibles
 c - 2 bread rations
 j - 3 royal jellies
 o - 2 chunks of flesh


   Skills:
 - Level 2.4 Dodging
 - Level 2.4 Stealth
 + Level 5.5 Spellcasting
 + Level 5.4 Conjurations


You had 8 spell levels left.
You knew the following spells:

 Your Spells              Type           Power        Failure   Level  Hunger
j - Dazzling Spray        Conj/Hex       ###...       10%         3    ##.....
k - Searing Ray           Conj           ####..       1%          2    None
l - Magic Dart            Conj           ####         1%          1    None


Dungeon Overview and Level Annotations

Branches:
Dungeon (3/15)

Altars:
Fedhas
Xom


Innate Abilities, Weirdness & Mutations

((You have sharp toenails.))
You possess an exceptional clarity of mind.
You are clumsy. (Dex -2)
((Your flesh is heat resistant. (rF+)))


Message History

An orc priest comes into view. It is wielding a short sword.
The orc priest shouts!
An orc comes into view. It is wielding a short sword.
The orc shouts!
The orc priest invokes the aid of Beogh against you.
Beogh smites you!
The orc priest calls down the wrath of Beogh upon you.
Beogh smites you!
Ouch! That really hurt!
* * * LOW HITPOINT WARNING * * *
It was a potion of lignification.
You turn into a tree.
Your +0 robe melds into your body.
Your roots penetrate the ground.
An orc comes into view.
It was a potion of mutation.
You feel extremely strange.
Your thoughts seem clearer.
Your toenails lengthen and sharpen.
You feel clumsy.
You feel resistant to heat.
The orc shouts!
The orc priest invokes the aid of Beogh against you.
Beogh smites you!
You die...

#.......# #...#
#.......#######.#.# ....#.
##...........##.#.## #....
#...........##.#..# #...#
#...........##.##.## #...##
#######.....##)##..# #....
####.........+..###.###..#####
#.....##.....###.....##b.....#
#..............'♣r..ooo...#
#......#########...#.##ob.#
#......# #...#.##...# .......#
#####.##b.o# .......# #.##..o#
'#+###.# #.##.... .......#
#..#...o. ..###### ......o...
..#


You could see an orc warrior, an orc priest, 2 orcs, a bat and a rat.

Vanquished Creatures
  5 adders (D:2)
  An ooze (D:1)
  A worm (D:3)
  A dart slug (D:1)
  A leopard gecko (D:2)
  A ball python (D:1)
  2 giant cockroaches (D:1)
  9 goblins
  10 hobgoblins
  8 jackals
  5 kobolds
  3 quokkas (D:2)
  4 bats
  A frilled lizard (D:1)
  2 rats
54 creatures vanquished.

Notes
Turn   | Place    | Note
-------+----------+-------------------------------------------
     0 | D:1      | brahma the Deep Elf Conjurer began the quest for the Orb.
     0 | D:1      | Reached XP level 1. HP: 10/10 MP: 6/6
   108 | D:1      | Reached XP level 2. HP: 15/15 MP: 4/8
   304 | D:1      | Learned a level 2 spell: Searing Ray
   579 | D:1      | Reached XP level 3. HP: 19/19 MP: 6/10
   588 | D:1      | Learned a level 3 spell: Dazzling Spray
  1080 | D:2      | Reached skill level 5 in Conjurations
  1242 | D:2      | Reached skill level 5 in Spellcasting
  1242 | D:2      | Reached XP level 4. HP: 24/24 MP: 5/13
  1984 | D:3      | Found a shimmering altar of Xom.
  1984 | D:3      | Found a blossoming altar of Fedhas.
  2038 | D:3      | Noticed an orc warrior
  2044 | D:3      | HP: 1/24 [orc priest/divine providence (14)]
  2048 | D:3      | Gained mutation: You possess an exceptional clarity of mind. [potion of mutation]
  2048 | D:3      | Gained mutation: You have sharp toenails. [potion of mutation]
  2048 | D:3      | Gained mutation: You are clumsy. (Dex -2) [potion of mutation]
  2048 | D:3      | Gained mutation: Your flesh is heat resistant. (rF+) [potion of mutation]
  2048 | D:3      | Killed from afar by an orc priest

Vault maps used:
D:1:      ncdulo_lavacross
D:3:      gammafunk_temple_overflow_elements, first_bread

Skill      XL: |  1  2  3 |
---------------+----------+-----
Spellcasting   | 4 5 |  5.5
Conjurations   | 5 |  5.4
Dodging        | |  2.4
Stealth        | |  2.4

Action                   |  1- 3 |  4- 6 || total
-------------------------+-------+-------++-------
Melee: Short sword       |     5 |       ||     5
 Cast: Magic Dart        |    51 |    31 ||    82
       Searing Ray       |     3 |     3 ||     6
  Use: Potion            |       |     2 ||     2
  Eat: Chunk             |     1 |     2 ||     3
Armor: Robe              |     1 |     1 ||     2
Dodge: Dodged            |    10 |     7 ||    17
